 Dungeon Crawl Stone Soup version 0.17.1-2-g5865329 (webtiles) character file.

105 Redz the Grasshopper (level 5, -1/35 HPs)
             Began as a Halfling Warper on Feb 8, 2016.
             Killed from afar by an orc wizard (4 damage)
             ... with a magic dart
             ... on level 2 of the Dungeon.
             The game lasted 00:10:28 (3311 turns).

Redz the Grasshopper (Halfling Warper)              Turns: 3311, Time: 00:10:29

Health: -1/35      AC:  4    Str: 11    XL:     5   Next: 8%
Magic:  3/7        EV: 15    Int: 13    God:
Gold:   57         SH:  0    Dex: 14    Spells: 3 memorised, 2 levels left

rFire  . . .     SeeInvis .     n - +2 dagger (holy)
rCold  . . .     Clarity  .     b - +0 leather armour
rNeg   . . .     SustAt   .     (shield restricted)
rPois  .         Gourm    .     k - +0 helmet
rElec  .         Spirit   .     (no cloak)
rCorr  .         Warding  .     (no gloves)
rMut   .         Stasis   .     (no boots)
MR     .....                    (no amulet)
Stlth  ++........               (no ring)
                                (no ring)

@: lethally poisoned (-1 -> -34), shrouded, not resistant to hostile
enchantments, unstealthy
A: mutation resistance 1
a: no special abilities


You were on level 2 of the Dungeon.
You were not hungry.

You visited 1 branch of the dungeon, and saw 3 of its levels.

You collected 57 gold pieces.

Inventory:

Hand Weapons
 a - a +0 short sword
 n - a +2 dagger of holy wrath (weapon)
Missiles
 e - 5 tomahawks of dispersal (quivered)
Armour
 b - a +0 leather armour (worn)
 k - a +0 helmet (worn)
Scrolls
 d - 2 scrolls of blinking
 j - a scroll of teleportation
Books
 c - a book of Spatial Translocations

   Spells                             Type                      Level
   a - Apportation                    Translocation                1
   b - Blink                          Translocation                2
   c - Shroud of Golubria             Charms/Translocation         2
   d - Portal Projectile              Translocation                3
   e - Teleport Other                 Translocation                3
   f - Passage of Golubria            Translocation                4
Comestibles
 f - 2 bread rations
 g - a meat ration


   Skills:
 * Level 2.4 Fighting
 * Level 3.4 Short Blades
 - Level 1.1 Throwing
 + Level 2.1 Armour
 + Level 3.0 Dodging
 + Level 1.4 Stealth
 + Level 1.8 Spellcasting
 + Level 3.5 Translocations


You had 2 spell levels left.
You knew the following spells:

 Your Spells              Type           Power        Failure   Level  Hunger
a - Apportation           Tloc           ##........   10%         1    ##.....
b - Blink                 Tloc           N/A          12%         2    ###....
c - Shroud of Golubria    Chrm/Tloc      #.........   28%         2    ###....


Dungeon Overview and Level Annotations

Branches:
Dungeon (3/15)

Altars:
Makhleb
Ru


Innate Abilities, Weirdness & Mutations

You are small and have problems with some larger weapons.
You are somewhat resistant to further mutation.


Message History

You feel very sick.
There is a stone staircase leading down here.
Casting: Shroud of Golubria
Confirm with . or Enter, or press ? or * to list all spells.
You blink.
You feel very sick.
A puff of flame appears from out of thin air!
The puff of flame hits you!
* * * LOW HITPOINT WARNING * * *
You aren't carrying any potions.
Read which item? (? for menu, Esc to quit)
As you read the scroll labeled EBLERI IMNIU, it crumbles to dust.
It is a scroll of identify.
Identify which item? (\ to view known items) (? for menu, Esc to quit)
j - a scroll of teleportation
* * * LOW HITPOINT WARNING * * *
You feel very sick.
A magic dart appears from out of thin air!
The magic dart hits you!
You die...

.###.#### ####.#..##.#
.#......# #..........#
...#.##.####.#######..#
.#.#.##.##...#.....#..#
........##.#.#.....#..#
##.#.#.......'.....#..#
##.#.##.##.#.#.....#..#
..(.....##.#.#######..#
#.##.#####.#....@.....#
#.##.# #.>.....######
.....# ######### ..##.#
..##.# ..##.# .###.#
.....# .#####


There were no monsters in sight!

Vanquished Creatures
  An adder (D:2)
  A gnoll (D:1)
  An ooze (D:2)
  4 worms (D:2)
  7 orcs (D:3)
  5 bats
  4 giant cockroaches
  7 goblins
  6 hobgoblins
  5 jackals (D:2)
  7 kobolds
  A quokka (D:2)
  3 ball pythons
  5 giant newts
  7 rats
64 creatures vanquished.

Notes
Turn   | Place    | Note
--------------------------------------------------------------
     0 | D:1      | Redz the Halfling Warper began the quest for the Orb.
     0 | D:1      | Reached XP level 1. HP: 14/14 MP: 3/3
   332 | D:1      | Reached XP level 2. HP: 9/19 MP: 4/4
   577 | D:1      | Learned a level 2 spell: Blink
   843 | D:2      | Found a sacrificial altar of Ru.
   863 | D:2      | Reached XP level 3. HP: 18/24 MP: 5/5
  1194 | D:2      | Learned a level 2 spell: Shroud of Golubria
  1541 | D:2      | Found a burning altar of Makhleb.
  1893 | D:1      | Reached skill level 1 in Stealth
  1946 | D:1      | Reached XP level 4. HP: 29/29 MP: 6/6
  3054 | D:2      | Reached XP level 5. HP: 11/35 MP: 4/7
  3311 | D:2      | Killed from afar by an orc wizard

Action                   |  1- 3 |  4- 6 || total
-------------------------+-------+-------++-------
Melee: Short sword       |   203 |    86 ||   289
       Dagger            |       |    79 ||    79
 Cast: Shroud of Golubri |       |    10 ||    10
       Blink             |       |     1 ||     1
  Use: Potion            |       |     2 ||     2
       Scroll            |       |     1 ||     1
 Stab: Sleeping          |     3 |       ||     3
  Eat: Chunk             |     4 |     5 ||     9
